[Event "Titled Tuesday Blitz May 10 Late 2022"]
[White "Ansh M Shah"]
[Black "Pinheiro, Iung Alicio de O."]
[WhiteFideId "25033379"]
[BlackFideId "2104350"]
[WhiteElo "1819"]
[BlackElo "2283"]
[Result "0-1"]
[Round "05"]
[TimeControl "180+1"]
[Date "2022.05.11"]
[WhiteClock "0:00:04"]
[BlackClock "0:00:07"]

1. d4 Nf6 2. c4 g6 3. Nf3 Bg7 4. g3 O-O 5. Bg2 d6 6. O-O c6 7. Nc3 Qa5 8. e4 Qh5 9. Re1 Bg4 10. Qd3 e5 11. d5 Na6 12. Nd2 Nb4 13. Qb1 cxd5 14. cxd5 Rac8 15. f3 Bd7 16. a3 Na6 17. Nb3 Ne8 18. Be3 b6 19. Qd3 Nc5 20. Nxc5 bxc5 21. b4 c4 22. Qd2 a6 23. Qf2 f5 24. Qe2 f4 25. g4 Qh4 26. Bf2 Qe7 27. Bf1 Bf6 28. Qb2 Bh4 29. Bxh4 Qxh4 30. Qf2 Qe7 31. Rec1 h5 32. h3 Kg7 33. Ne2 hxg4 34. hxg4 Rh8 35. Bg2 Nf6 36. Qa7 Kh6 37. Kf2 Kg5 38. Rh1 Ra8 39. Qb6 Rhb8 40. Qa5 Bxg4 41. fxg4 Nxg4+ 42. Ke1 Qa7 43. Rf1 Qe3 44. Rf3 Qa7 45. Qa4 Rh8 46. Kd2 Ne3 47. Rg1 Kf6 48. Bf1 c3+ 49. Nxc3 Qd4+ 50. Bd3 Rac8 51. Qb3 Nc4+ 52. Kc2 Ne3+ 53. Kd2 Rc7 54. Rf2 Rhc8 55. Rgf1 Rxc3 56. Rxf4+ exf4 57. Rxf4+ Ke5 58. Qb2 Qxd3+ 59. Ke1 Qd1+ 60. Kf2 Qc2+ 61. Qxc2 Rxc2+ 62. Kxe3 R8c3# 0-1


[Site "https://www.chess.com"]

[Event "Titled Tuesday Blitz May 10 Late 2022"]
[White "Antonova, Nadezhda"]
[Black "Malka, Samuel"]
[WhiteFideId "14700182"]
[BlackFideId "20643675"]
[WhiteElo "1743"]
[BlackElo "2555"]
[Result "0-1"]
[Round "05"]
[TimeControl "180+1"]
[Date "2022.05.11"]
[WhiteClock "0:00:04"]
[BlackClock "0:00:15"]

1. Nf3 Nf6 2. b3 g6 3. Bb2 Bg7 4. g3 O-O 5. Bg2 c5 6. c4 Nc6 7. O-O b6 8. d4 cxd4 9. Nxd4 Bb7 10. Nc3 Qb8 11. e3 Nxd4 12. exd4 Bxg2 13. Kxg2 d5 14. Nxd5 Nxd5 15. cxd5 Qb7 16. Qf3 Rfd8 17. Rfe1 Bf6 18. Rac1 Rxd5 19. Rc4 Rad8 20. Rec1 R8d7 21. a4 Kg7 22. Rc6 Bxd4 23. Bxd4+ Rxd4 24. R1c3 R4d6 25. R6c4 Qxf3+ 26. Rxf3 e6 27. Rfc3 Kf6 28. Rc7 Ke7 29. R7c4 h5 30. h4 Rd3 31. b4 Rxc3 32. Rxc3 Rd4 33. Rc7+ Rd7 34. Rc4 Kd8 35. b5 Rd5 36. Rf4 Ke7 37. Rb4 Kd6 38. Rc4 Kd7 39. Kh3 f5 40. Kg2 e5 41. Kf3 Rd4 42. Rxd4+ exd4 43. Kf4 Kd6 44. Kg5 d3 0-1


[Site "https://www.chess.com"]

[Event "Titled Tuesday Blitz May 10 Late 2022"]
[White "Ardila, Oscar Humberto"]
[Black "D`Arruda, Ricardo D."]
[WhiteFideId "4404742"]
[BlackFideId "100692"]
[WhiteElo "1928"]
[BlackElo "2446"]
[Result "0-1"]
[Round "05"]
[TimeControl "180+1"]
[Date "2022.05.11"]
[WhiteClock "0:00:02"]
[BlackClock "0:00:25"]

1. d4 Nf6 2. c4 e5 3. dxe5 Ne4 4. Nf3 Nc6 5. e3 d6 6. exd6 Bxd6 7. Be2 Bf5 8. O-O Qf6 9. Nbd2 O-O-O 10. Qa4 Nc5 11. Qd1 Rhe8 12. Qe1 Nd3 13. Qd1 Nxb2 14. Bxb2 Qxb2 15. Qb3 Qf6 16. Rfd1 b6 17. Nf1 Na5 18. Qa4 Bd7 19. Qc2 Kb8 20. Rac1 Ba3 21. Rb1 Qc6 22. Nd4 Qa4 23. Qxh7 Bf8 24. c5 Bxc5 25. Qxg7 Re7 26. Bf3 f5 27. Rdc1 Rxg7 28. Nb3 Bd6 29. Nd4 c5 30. Ne2 Qxa2 31. Nc3 Qc4 32. Be2 Qg8 33. g3 Bc6 34. Rd1 Bc7 35. Bd3 f4 36. exf4 Bxf4 37. Be4 Rxd1 38. Rxd1 Bxe4 39. Nxe4 Qe6 0-1


[Site "https://www.chess.com"]

[Event "Titled Tuesday Blitz May 10 Late 2022"]
[White "Atanejhad, Sahebali"]
[Black "Stanisz, Patryk"]
[WhiteFideId "12506664"]
[BlackFideId "1123106"]
[WhiteElo "1953"]
[BlackElo "1833"]
[Result "1-0"]
[Round "05"]
[TimeControl "180+1"]
[Date "2022.05.11"]
[WhiteClock "0:01:10"]
[BlackClock "0:00:03"]

1. d4 d5 2. Nf3 Nf6 3. c4 c6 4. Qc2 dxc4 5. Qxc4 Nbd7 6. g3 Nb6 7. Qc2 g6 8. Bg2 Bg7 9. O-O O-O 10. Rd1 Bf5 11. Qb3 Qc8 12. a4 Nbd5 13. Ne5 Be6 14. Qc2 Nd7 15. Nxd7 Qxd7 16. a5 Bh3 17. e4 Bxg2 18. Kxg2 Nb4 19. Qa4 Na6 20. Nc3 Rad8 21. Be3 Qe6 22. f3 f5 23. e5 Nc7 24. f4 Nd5 25. Bf2 Nxc3 26. bxc3 Qd5+ 27. Kg1 e6 28. c4 Qf3 29. Ra3 Qg4 30. Kg2 g5 31. h3 Qe2 32. Re3 Qb2 33. Qb3 Qxb3 34. Rxb3 Rf7 35. Rdb1 gxf4 36. Rxb7 fxg3 37. Kxg3 f4+ 38. Kf3 Rdf8 39. Rxf7 Rxf7 40. Rb8+ Bf8 41. d5 cxd5 42. cxd5 exd5 43. e6 Re7 44. Bc5 Rxe6 45. Rxf8+ Kg7 46. Rxf4 Ra6 47. Bb4 Kg6 48. Rd4 1-0


[Site "https://www.chess.com"]

[Event "Titled Tuesday Blitz May 10 Late 2022"]
[White "Avalos Parra, Joao"]
[Black "Svicevic, Rastko"]
[WhiteFideId "3402541"]
[BlackFideId "916315"]
[WhiteElo "2173"]
[BlackElo "2132"]
[Result "1-0"]
[Round "05"]
[TimeControl "180+1"]
[Date "2022.05.11"]
[WhiteClock "0:01:00"]
[BlackClock "0:00:30"]

1. d4 d5 2. c4 e6 3. Nf3 f5 4. g3 c6 5. Bg2 Nf6 6. O-O Bd6 7. b3 Qe7 8. Bf4 O-O 9. Nbd2 Ne4 10. Bxd6 Qxd6 11. Ne5 Nd7 12. Ndf3 a5 13. Nxd7 Bxd7 14. Ne5 c5 15. Bxe4 fxe4 16. e3 Bc6 17. Rc1 Rad8 18. cxd5 Bb5 19. Re1 cxd4 20. Qxd4 exd5 21. Rc5 Qf6 22. Qb2 Rfe8 23. Rxb5 Rxe5 24. Rxb7 Rf8 25. Re2 Qc6 26. Qxe5 Qxb7 27. Rd2 Rd8 28. Qe6+ Kh8 29. Qxe4 h6 30. Qd4 1-0


[Site "https://www.chess.com"]

[Event "Titled Tuesday Blitz May 10 Late 2022"]
[White "Babazada, Khazar"]
[Black "Nazaretyan, Tigran"]
[WhiteFideId "13413554"]
[BlackFideId "24162345"]
[WhiteElo "2406"]
[BlackElo "2225"]
[Result "1-0"]
[Round "05"]
[TimeControl "180+1"]
[Date "2022.05.10"]
[WhiteClock "0:00:17"]
[BlackClock "0:00:08"]

1. Nf3 Nf6 2. b3 g6 3. Bb2 Bg7 4. g3 O-O 5. Bg2 c5 6. O-O Nc6 7. d3 d5 8. Nbd2 Qc7 9. e4 Rd8 10. exd5 Rxd5 11. Re1 Rh5 12. h4 Bg4 13. Nf1 Qd7 14. Ne3 Bh3 15. Bxh3 Qxh3 16. Ng5 Qd7 17. Ng2 h6 18. Nf3 g5 19. Qe2 Nd4 20. Bxd4 cxd4 21. Qxe7 Qh3 22. Qxb7 Rf8 23. Nh2 Qf5 24. Qf3 Qg6 25. g4 Rxh4 26. Nxh4 gxh4 27. Qf5 Qxf5 28. gxf5 Rc8 29. Re2 Rc5 30. Rae1 Rxf5 31. Re5 Rf4 32. Ra5 Ng4 33. Re4 Rxe4 34. dxe4 Ne5 35. Rxa7 d3 36. cxd3 Nxd3 37. Kf1 h3 38. Rd7 Nc1 39. b4 Nxa2 40. b5 Nc3 41. b6 Nxe4 42. b7 Be5 43. Re7 Nc5 44. Rxe5 Nxb7 45. Rh5 Kg7 46. Rxh3 Nd6 47. Ng4 Nf5 48. Ke2 Kg6 49. Kf3 Kg5 50. Ne3 Nd4+ 51. Ke4 Ne6 52. Rg3+ Kf6 53. Nd5# 1-0


[Site "https://www.chess.com"]

[Event "Titled Tuesday Blitz May 10 Late 2022"]
[White "Baches Garcia, Guillermo"]
[Black "Hoffmann, Asa"]
[WhiteFideId "2209764"]
[BlackFideId "2001470"]
[WhiteElo "2515"]
[BlackElo "2117"]
[Result "1-0"]
[Round "05"]
[TimeControl "180+1"]
[Date "2022.05.11"]
[WhiteClock "0:00:19"]
[BlackClock "0:00:23"]

1. e4 d6 2. d4 Nf6 3. f3 Nbd7 4. Ne2 e5 5. c4 c6 6. Nbc3 Be7 7. Be3 Qc7 8. Qd2 a6 9. g4 b5 10. Ng3 Nb6 11. g5 Ng8 12. c5 dxc5 13. dxc5 Nc4 14. Bxc4 bxc4 15. Nf5 Bxf5 16. exf5 h6 17. gxh6 Nxh6 18. Bxh6 Rxh6 19. Ne4 Rd8 20. Qc2 Bh4+ 21. Ke2 Rd4 22. Rad1 Qd7 23. Rxd4 exd4 24. Qxc4 Qxf5 25. Nd6+ Rxd6 26. cxd6 Qe5+ 27. Kd2 Qxd6 28. Qd3 Bg5+ 29. Kc2 Be3 30. Kb1 a5 31. a3 g6 32. h4 Kd7 33. h5 gxh5 34. Rxh5 Qg6 35. Qxg6 fxg6 36. Rxa5 Kd6 37. Kc2 c5 38. Kd3 g5 39. b3 Kc6 40. Ra6+ Kb5 41. Re6 Ka5 42. Re8 Kb5 43. Re6 Bc1 44. a4+ Kb4 45. Rb6+ Ka3 46. a5 Bf4 47. a6 Bc7 48. Rb7 Ba5 49. a7 1-0


[Site "https://www.chess.com"]

[Event "Titled Tuesday Blitz May 10 Late 2022"]
[White "Barria Zuniga, Daniel"]
[Black "Oganian, Miran"]
[WhiteFideId "3400816"]
[BlackFideId "4122488"]
[WhiteElo "2414"]
[BlackElo "2357"]
[Result "0-1"]
[Round "05"]
[TimeControl "180+1"]
[Date "2022.05.10"]
[WhiteClock "0:01:41"]
[BlackClock "0:01:00"]

1. c4 e6 2. g3 d5 3. Bg2 d4 4. Nf3 c5 5. O-O Nc6 6. d3 Nf6 7. a3 e5 8. b4 cxb4 9. axb4 Bxb4 10. Nxe5 Nxe5 11. Qa4+ Nc6 12. Bxc6+ bxc6 13. Qxb4 Bh3 14. Re1 Nd7 15. e3 c5 16. exd4+ Be6 17. dxc5 O-O 18. d4 Bh3 19. d5 Rb8 20. Qc3 Nxc5 21. Rxa7 Rxb1 22. Be3 Qf6 0-1


[Site "https://www.chess.com"]

[Event "Titled Tuesday Blitz May 10 Late 2022"]
[White "Bashirli, Nail"]
[Black "Sjugirov, Sanan"]
[WhiteFideId "13406809"]
[BlackFideId "4189302"]
[WhiteElo "2333"]
[BlackElo "2602"]
[Result "0-1"]
[Round "05"]
[TimeControl "180+1"]
[Date "2022.05.10"]
[WhiteClock "0:00:06"]
[BlackClock "0:00:14"]

1. e4 e5 2. Nf3 Nc6 3. Bb5 a6 4. Ba4 Nf6 5. Nc3 d6 6. O-O b5 7. Bb3 Na5 8. d4 exd4 9. Nd5 Nxb3 10. axb3 c5 11. Bg5 Be7 12. Nxe7 Qxe7 13. e5 dxe5 14. Re1 e4 15. Nd2 Bb7 16. Bxf6 gxf6 17. Nxe4 Bxe4 18. f3 f5 19. b4 Rg8 20. fxe4 fxe4 21. bxc5 Qe5 22. Qe2 e3 23. b4 Qe4 24. g3 Rg6 25. Rf1 f5 26. Qh5 f4 27. Qxh7 Rxg3+ 0-1


[Site "https://www.chess.com"]

[Event "Titled Tuesday Blitz May 10 Late 2022"]
[White "Bazeev, German"]
[Black "Sernecki, Franciszek"]
[WhiteFideId "24119350"]
[BlackFideId "1169297"]
[WhiteElo "2493"]
[BlackElo "2189"]
[Result "1-0"]
[Round "05"]
[TimeControl "180+1"]
[Date "2022.05.11"]
[WhiteClock "0:00:45"]
[BlackClock "0:00:04"]

1. d4 Nf6 2. c4 e6 3. Nf3 d5 4. g3 dxc4 5. Bg2 Bb4+ 6. Bd2 c5 7. O-O O-O 8. Bxb4 cxb4 9. a3 bxa3 10. Nxa3 Bd7 11. Nxc4 Bc6 12. e3 Nbd7 13. Qb3 b6 14. Rfc1 Bd5 15. Nfd2 Bxg2 16. Kxg2 Qb8 17. Qd1 Rc8 18. Qf3 a5 19. Na3 Qa7 20. Rc6 Nd5 21. Rac1 Qb7 22. Rxc8+ Rxc8 23. Rxc8+ Qxc8 24. e4 Nb4 25. Qc3 Qxc3 26. bxc3 Nc6 27. Ndc4 Kf8 28. f4 Ke7 29. Kf3 f5 30. e5 Ncb8 31. Ne3 Na6 32. c4 Nb4 33. d5 exd5 34. cxd5 g6 35. Nb5 Nc5 36. d6+ Kd7 37. Nc4 Nd5 38. Nd4 a4 39. g4 fxg4+ 40. Kxg4 Ne3+ 41. Nxe3 a3 42. Nec2 a2 43. Kg5 Nd3 44. h4 Ne1 45. Kf6 Nxc2 46. Nxc2 b5 47. e6+ Kxd6 48. e7 b4 49. e8=Q b3 50. Qe6+ Kc5 51. Qxb3 a1=Q+ 52. Nxa1 1-0


[Site "https://www.chess.com"]

[Event "Titled Tuesday Blitz May 10 Late 2022"]
[White "Bettalli, Francesco"]
[Black "Radovanovic, Mihajlo"]
[WhiteFideId "2816453"]
[BlackFideId "940313"]
[WhiteElo "2216"]
[BlackElo "2394"]
[Result "1-0"]
[Round "05"]
[TimeControl "180+1"]
[Date "2022.05.10"]
[WhiteClock "0:02:00"]
[BlackClock "0:00:46"]

1. d4 Nf6 2. Nc3 d5 3. Bf4 a6 4. e3 b5 5. a3 e6 6. Nf3 Bb7 7. Bd3 c5 8. dxc5 Bxc5 9. O-O O-O 10. Ne5 Nbd7 11. Ne2 Rc8 12. c3 Bd6 13. Nxd7 Qxd7 14. Bg3 e5 15. Bc2 Rfe8 16. Bh4 Be7 17. Ng3 e4 18. Ne2 Qg4 19. Bg3 Qg6 20. Nf4 Qf5 21. Bb3 g5 22. Nh5 g4 23. Nf4 h5 24. Bh4 Red8 25. Qd4 Bc5 26. Qxf6 Qxf6 27. Bxf6 Rd6 28. Bd4 Bxd4 29. cxd4 Rdc6 30. Ne2 1-0


[Site "https://www.chess.com"]

[Event "Titled Tuesday Blitz May 10 Late 2022"]
[White "Bilych, Olexiy"]
[Black "Batsiashvili, Nino"]
[WhiteFideId "14156504"]
[BlackFideId "13602993"]
[WhiteElo "2176"]
[BlackElo "2193"]
[Result "0-1"]
[Round "05"]
[TimeControl "180+1"]
[Date "2022.05.11"]
[WhiteClock "0:01:16"]
[BlackClock "0:01:19"]

1. e4 c6 2. d4 d5 3. e5 Bf5 4. h4 h5 5. Bd3 Bxd3 6. Qxd3 e6 7. Bg5 Be7 8. Nf3 Nh6 9. Nbd2 Nf5 10. a4 a5 11. c4 Na6 12. b3 Nb4 13. Qc3 dxc4 14. Bxe7 Qxe7 15. Nxc4 O-O 16. g3 Rfd8 17. O-O b5 18. axb5 cxb5 19. Nxa5 Rac8 20. Qd2 Nc2 21. Rac1 Ncxd4 22. Nxd4 Nxd4 23. Qe3 Qb4 24. Rxc8 Rxc8 25. Nb7 Rc3 26. Qf4 Ne2+ 0-1


[Site "https://www.chess.com"]

[Event "Titled Tuesday Blitz May 10 Late 2022"]
[White "Bjelobrk, Igor"]
[Black "Jegorovas, Aleksandras"]
[WhiteFideId "4300726"]
[BlackFideId "12801950"]
[WhiteElo "2335"]
[BlackElo "2247"]
[Result "1-0"]
[Round "05"]
[TimeControl "180+1"]
[Date "2022.05.11"]
[WhiteClock "0:00:09"]
[BlackClock "0:00:08"]

1. Nf3 Nf6 2. c4 c5 3. d4 e6 4. g3 b6 5. Bg2 Bb7 6. O-O cxd4 7. Qxd4 a6 8. Nc3 Be7 9. Rd1 d6 10. b3 Nbd7 11. Bb2 Qc7 12. Rac1 O-O 13. Qe3 Rac8 14. Nd4 Bxg2 15. Kxg2 Ne5 16. h3 Qb7+ 17. Kg1 Rfd8 18. a4 Nc6 19. Qf3 Qa8 20. Nxc6 Rxc6 21. g4 Qc8 22. g5 Nd7 23. h4 Ne5 24. Qg2 Ng6 25. h5 Nf4 26. Qg4 e5 27. Qxc8 Rdxc8 28. e3 Nh3+ 29. Kg2 Nxg5 30. Nd5 Bd8 31. h6 gxh6 32. f4 exf4 33. exf4 Ne6 34. Kf3 b5 35. axb5 axb5 36. cxb5 Rxc1 37. Bxc1 Rc5 38. b6 Rb5 39. Be3 Rxb3 40. Ke4 Nc5+ 41. Kf5 Bxb6 42. Bd4 Ne6 43. Bxb6 Ng7+ 44. Kf6 Nh5+ 45. Ke7 Nxf4 46. Nf6+ Kh8 47. Bd4 Rb7+ 48. Kxd6 Ne6 49. Rc1 Kg7 50. Rc8 Nxd4 51. Ne8+ Kg6 52. Kd5 Ne6 53. Nd6 Rd7 54. Rg8+ Kf6 55. Kc6 Rd8 56. Rg1 Ke5 57. Re1+ Kf6 58. Rf1+ Ke7 59. Rxf7# 1-0


[Site "https://www.chess.com"]

[Event "Titled Tuesday Blitz May 10 Late 2022"]
[White "Blackman, Justin"]
[Black "Winkels, Marcel"]
[WhiteFideId "11100516"]
[BlackFideId "1003887"]
[WhiteElo "2112"]
[BlackElo "1900"]
[Result "1-0"]
[Round "05"]
[TimeControl "180+1"]
[Date "2022.05.11"]
[WhiteClock "0:00:13"]
[BlackClock "0:00:02"]

1. e4 g6 2. d4 Bg7 3. Nc3 d6 4. h3 Nc6 5. Be3 a6 6. Nf3 Nf6 7. Qd2 O-O 8. O-O-O b5 9. Bd3 Nb4 10. Be2 Nc6 11. e5 dxe5 12. d5 Nd4 13. Nxd4 exd4 14. Bxd4 Bb7 15. Bf3 b4 16. Na4 Bxd5 17. Qxb4 Bxf3 18. gxf3 Qc8 19. Qxe7 Re8 20. Qa3 Re2 21. Nc3 Re6 22. Be3 Rb8 23. Na4 Bf8 24. Qc3 c6 25. b3 Nd5 26. Qd4 Bg7 27. Qd3 Re8 28. Bd4 Nb4 29. Qc4 Nxa2+ 30. Kb2 Nb4 31. Bxg7 Kxg7 32. Nc5 Nd5 33. h4 Ra8 34. h5 Qf5 35. hxg6 hxg6 36. Nb7 Qf6+ 37. c3 Rab8 38. Nc5 Nb4 39. Rd4 Nd5 40. Rhd1 a5 41. R1d2 Qxf3 42. Na6 Rb6 43. Nc5 Reb8 44. R4d3 Qf6 45. Rd4 a4 46. Qxa4 1-0


[Site "https://www.chess.com"]

[Event "Titled Tuesday Blitz May 10 Late 2022"]
[White "Boidiya, Sidi"]
[Black "Jakubowski, Krzysztof"]
[WhiteFideId "19600100"]
[BlackFideId "1112848"]
[WhiteElo "2113"]
[BlackElo "2365"]
[Result "0-1"]
[Round "05"]
[TimeControl "180+1"]
[Date "2022.05.11"]
[WhiteClock "0:01:23"]
[BlackClock "0:01:25"]

1. e4 c5 2. Nc3 e6 3. g3 a6 4. Bg2 b5 5. d3 Nc6 6. Be3 Bb7 7. Qd2 d6 8. Nge2 Nf6 9. h3 Be7 10. O-O Qc7 11. f4 O-O 12. a3 Rfe8 13. g4 Nd7 14. d4 cxd4 15. Nxd4 Nb6 16. Qf2 Nc4 17. Nxc6 Bxc6 18. Bc1 Bf6 19. Nd1 Qb7 20. Qe2 Bd4+ 21. Kh1 Rac8 22. c3 Ba7 23. f5 exf5 24. Rxf5 Bxe4 25. Bxe4 Rxe4 26. Qf3 Re1+ 27. Kg2 Qxf3+ 28. Rxf3 Rxd1 0-1


[Site "https://www.chess.com"]

[Event "Titled Tuesday Blitz May 10 Late 2022"]
[White "Bongo Akanga Ndjila, Barthelemy"]
[Black "talman67"]
[WhiteFideId "10609431"]
[WhiteElo "1768"]
[BlackElo "2385"]
[Result "0-1"]
[Round "05"]
[TimeControl "180+1"]
[Date "2022.05.11"]
[WhiteClock "0:00:06"]
[BlackClock "0:00:58"]

1. d4 Nf6 2. c4 e6 3. Nc3 Bb4 4. f3 c5 5. d5 d6 6. a3 Bxc3+ 7. bxc3 b5 8. e4 O-O 9. Bg5 h6 10. Bh4 bxc4 11. Bxc4 Ba6 12. Bxa6 Nxa6 13. c4 Qa5+ 14. Qd2 Nb4 15. Ra2 Nd3+ 16. Ke2 Qxd2+ 17. Kxd2 Ne5 18. Rc2 Rab8 19. Bxf6 gxf6 20. Ne2 Rb3 21. Ra1 Rfb8 22. Raa2 Kf8 23. Nc1 Rb1 24. h3 Ke7 25. Ke2 f5 26. f4 Ng6 27. exf5 Nxf4+ 28. Kf3 e5 29. h4 h5 30. g3 Rxc1 31. Rxc1 Rb3+ 32. Kf2 Nd3+ 33. Kg2 Nxc1 34. Rf2 Nd3 35. Rf3 Ne1+ 0-1


[Site "https://www.chess.com"]

[Event "Titled Tuesday Blitz May 10 Late 2022"]
[White "Bortnyk, Olexandr"]
[Black "Boruchovsky, Avital"]
[WhiteFideId "14120828"]
[BlackFideId "2800055"]
[WhiteElo "2723"]
[BlackElo "2469"]
[Result "0-1"]
[Round "05"]
[TimeControl "180+1"]
[Date "2022.05.10"]
[WhiteClock "0:00:25"]
[BlackClock "0:00:20"]

1. d4 d5 2. Nc3 Nf6 3. Bf4 c6 4. e3 Bf5 5. Nf3 h6 6. Ne5 Nbd7 7. g4 Bh7 8. h4 Nxe5 9. Bxe5 Nd7 10. Bg3 e6 11. Bd3 Bxd3 12. cxd3 Qb6 13. a3 Be7 14. Rb1 c5 15. dxc5 Nxc5 16. b4 Nd7 17. Rc1 a5 18. Qa4 Qc6 19. bxa5 O-O 20. O-O Nc5 21. Qd1 Rxa5 22. d4 Nd7 23. a4 Ba3 24. Rc2 Rc8 25. Qa1 Bb4 26. Rfc1 Qa6 27. g5 hxg5 28. hxg5 Bxc3 29. Rxc3 Rc4 30. Qa3 Raxa4 31. Qe7 Rxc3 32. Rxc3 Ra1+ 33. Kg2 Qf1+ 34. Kf3 Qh1+ 35. Kg4 Qe4+ 36. f4 f5+ 37. Kh5 Rh1+ 38. Kg6 Nf8+ 39. Qxf8+ Kxf8 40. Rc8+ Ke7 41. Rc7+ Kd6 42. Rxg7 Qf3 43. Be1 Rxe1 44. Kf6 Qxe3 45. Rxb7 Qxd4+ 46. Kf7 Qxf4 47. g6 Rg1 48. Rb6+ Ke5 49. Rxe6+ Kd4 50. g7 Qc7+ 51. Re7 Rxg7+ 52. Kxg7 Qxe7+ 53. Kg6 f4 54. Kf5 Qe4+ 55. Kg4 f3+ 56. Kg3 Ke3 57. Kh2 Qg4 0-1


[Site "https://www.chess.com"]

[Event "Titled Tuesday Blitz May 10 Late 2022"]
[White "Burke, Paul"]
[Black "Keller, Peter"]
[WhiteFideId "2605767"]
[BlackFideId "1272105"]
[WhiteElo "1899"]
[BlackElo "2275"]
[Result "0-1"]
[Round "05"]
[TimeControl "180+1"]
[Date "2022.05.11"]
[WhiteClock "0:00:01"]
[BlackClock "0:00:14"]

1. e4 e5 2. Nf3 Nc6 3. Bc4 Nf6 4. d4 exd4 5. O-O Nxe4 6. Re1 d5 7. Bxd5 Qxd5 8. Nc3 Qd7 9. Nxe4 Be7 10. Bg5 O-O 11. Bxe7 Qxe7 12. Nxd4 Bd7 13. Ng3 Qf6 14. Nxc6 Bxc6 15. c3 Rad8 16. Qc2 g6 17. Rad1 h5 18. h3 Qg5 19. Ne4 Qf5 20. f3 Rde8 21. b3 Re7 22. Qf2 Rfe8 23. Ng3 Qf6 24. c4 Kg7 25. Rxe7 Rxe7 26. Qxa7 Qb2 27. Qf2 Qc3 28. Qd2 Qf6 29. Qd4 Qxd4+ 30. Rxd4 Kf6 31. Ne4+ Bxe4 32. fxe4 Ke5 33. Rd2 Re6 34. Rf2 f6 35. Rd2 Kxe4 36. Rd7 Rc6 37. Re7+ Kf5 38. a4 b6 39. Kf2 h4 40. Re3 g5 41. Rf3+ Ke5 42. Re3+ Kf5 43. Rf3+ Kg6 44. Re3 f5 45. Rd3 g4 46. hxg4 fxg4 47. Rd4 Kg5 48. Rd5+ Kf4 49. Rd4+ Kf5 50. Rd5+ Ke4 51. Rh5 Kd4 52. Rxh4 Kc3 53. Rxg4 Kxb3 0-1


[Site "https://www.chess.com"]

[Event "Titled Tuesday Blitz May 10 Late 2022"]
[White "Butti, Enrique"]
[Black "Adla, Diego"]
[WhiteFideId "3700470"]
[BlackFideId "100072"]
[WhiteElo "2080"]
[BlackElo "2377"]
[Result "1-0"]
[Round "05"]
[TimeControl "180+1"]
[Date "2022.05.11"]
[WhiteClock "0:00:39"]
[BlackClock "0:00:14"]

1. d4 Nf6 2. Nf3 e6 3. e3 b6 4. Bd3 Bb7 5. O-O d5 6. b3 Bd6 7. Bb2 Nbd7 8. c4 O-O 9. Nc3 Ne4 10. Rc1 a6 11. Na4 f5 12. Qe2 dxc4 13. bxc4 Ng5 14. Nxg5 Qxg5 15. f4 Qe7 16. Qc2 c5 17. Rce1 Rac8 18. d5 b5 19. Nc3 Nb6 20. dxe6 b4 21. Nd5 Nxd5 22. cxd5 c4 23. Bxf5 c3 24. Bxh7+ Kh8 25. Bc1 Bxd5 26. f5 Bxh2+ 27. Kxh2 Qh4+ 28. Kg1 Qxh7 29. e4 Bc4 30. Rf3 1-0


[Site "https://www.chess.com"]

[Event "Titled Tuesday Blitz May 10 Late 2022"]
[White "Can, Melih Kaan"]
[Black "Jeet, Jain"]
[WhiteFideId "6317383"]
[BlackFideId "5073022"]
[WhiteElo "2049"]
[BlackElo "2028"]
[Result "0-1"]
[Round "05"]
[TimeControl "180+1"]
[Date "2022.05.11"]
[WhiteClock "0:00:28"]
[BlackClock "0:01:10"]

1. e4 b6 2. d4 Bb7 3. Bd3 g6 4. Nf3 Bg7 5. O-O d6 6. Re1 Nd7 7. c3 e5 8. Be3 Ngf6 9. Nbd2 O-O 10. h3 Qe7 11. Qc2 Nh5 12. Nf1 Nf4 13. Bxf4 exf4 14. Re2 h5 15. h4 Rae8 16. Rae1 Bf6 17. g3 fxg3 18. fxg3 Bg7 19. N1d2 c5 20. e5 dxe5 21. dxe5 Qe6 22. Ne4 Nxe5 23. Nxe5 Qxe5 24. Kh2 Qb8 25. Ng5 Rxe2+ 26. Rxe2 Qd6 27. Bc4 Qc6 28. Qd1 b5 29. Bd3 Rd8 30. Qb1 Rxd3 31. Ne4 c4 32. Qf1 f5 33. Ng5 Bf8 34. Re6 Rd2+ 35. Kh3 Qg2+ 36. Qxg2 Bxg2+ 37. Kh2 Bd5+ 38. Re2 Rxe2+ 0-1


[Site "https://www.chess.com"]

[Event "Titled Tuesday Blitz May 10 Late 2022"]
[White "Carrasco Miranda, Andres"]
[Black "Akrakan"]
[WhiteFideId "3405990"]
[WhiteElo "2177"]
[BlackElo "2114"]
[Result "1/2-1/2"]
[Round "05"]
[TimeControl "180+1"]
[Date "2022.05.11"]
[WhiteClock "0:00:08"]
[BlackClock "0:00:07"]

1. d4 d5 2. c4 e6 3. Nf3 Nf6 4. g3 Be7 5. Bg2 O-O 6. O-O c5 7. cxd5 exd5 8. Nc3 Nc6 9. dxc5 Bxc5 10. Na4 Be7 11. Be3 b6 12. Rc1 Bb7 13. Nd4 Rc8 14. Nf5 h6 15. Nc3 Ne5 16. Bd4 Nc4 17. b3 Nd6 18. Nxe7+ Qxe7 19. Bxf6 Qxf6 20. Nxd5 Qe5 21. Rxc8 Rxc8 22. Qd3 Rd8 23. Rd1 f6 24. e3 Nf7 25. Qc4 Kh8 26. Rd4 Nd6 27. Qc7 Rc8 28. f4 Rxc7 29. fxe5 fxe5 30. Rd1 Rd7 31. Nb4 Bxg2 32. Kxg2 Kg8 33. Rd5 e4 34. Nc6 Kf8 35. Ne5 Rd8 36. Nc4 Nf7 37. Rxd8+ Nxd8 38. Nd6 Nc6 39. Nxe4 Ke7 40. Nc3 Ke6 41. g4 Nb4 42. Kg3 Ke5 43. h4 a5 44. a3 Nc2 45. a4 Nxe3 46. g5 hxg5 47. hxg5 g6 48. Kf3 Nc2 49. Nb5 Nd4+ 50. Nxd4 Kxd4 51. Kf4 Kd5 52. Kf3 Ke5 53. Ke3 Kf5 54. Kd4 Kxg5 55. Kd5 Kf4 56. Kc6 g5 57. Kxb6 g4 58. b4 g3 59. bxa5 g2 60. a6 g1=Q+ 61. Kb7 Qb1+ 62. Ka8 Qe4+ 63. Kb8 Qb4+ 64. Ka8 Qf8+ 65. Kb7 Qe7+ 66. Kb8 Qd6+ 67. Kb7 Qd7+ 68. Kb8 Qxa4 69. a7 Qb5+ 70. Ka8 Qc6+ 71. Kb8 Qb6+ 72. Ka8 Qc6+ 73. Kb8 Qb6+ 74. Ka8 Qxa7+ 75. Kxa7 1/2-1/2


[Site "https://www.chess.com"]

[Event "Titled Tuesday Blitz May 10 Late 2022"]
[White "Cilek, Bora"]
[Black "Curtis, John"]
[WhiteFideId "34502165"]
[BlackFideId "3200256"]
[WhiteElo "2432"]
[BlackElo "2203"]
[Result "1-0"]
[Round "05"]
[TimeControl "180+1"]
[Date "2022.05.11"]
[WhiteClock "0:00:24"]
[BlackClock "0:00:11"]

1. Nf3 c5 2. c4 Nf6 3. Nc3 g6 4. d4 Bg7 5. e4 cxd4 6. Nxd4 d6 7. Be2 Nc6 8. Be3 Nxd4 9. Bxd4 O-O 10. Qd2 a6 11. O-O Bd7 12. Rac1 b5 13. a3 Qb8 14. Nd5 Nxd5 15. Bxg7 Kxg7 16. exd5 Qb6 17. b4 bxc4 18. Bxc4 Ra7 19. Rfe1 Bc8 20. Re3 Rd8 21. Bf1 Bf5 22. Rc6 Qb7 23. Qd4+ Kg8 24. Rec3 Bd7 25. Rb6 Qa8 26. Qe3 Kf8 27. Qh6+ Kg8 28. Rc4 Rc8 29. Rh4 1-0


[Site "https://www.chess.com"]

[Event "Titled Tuesday Blitz May 10 Late 2022"]
[White "Clarke, Brandon G I"]
[Black "Souleidis, Georgios"]
[WhiteFideId "400319"]
[BlackFideId "4206827"]
[WhiteElo "2414"]
[BlackElo "2401"]
[Result "1-0"]
[Round "05"]
[TimeControl "180+1"]
[Date "2022.05.10"]
[WhiteClock "0:00:29"]
[BlackClock "0:00:05"]

1. e4 e5 2. Nf3 d6 3. d4 Bg4 4. dxe5 Nd7 5. exd6 Bxd6 6. Bd3 Qe7 7. Be3 Ngf6 8. Nbd2 O-O-O 9. h3 Bh5 10. O-O Ne5 11. Re1 Nxf3+ 12. Nxf3 Nxe4 13. Bg5 Qxg5 14. Nxg5 Bxd1 15. Nxf7 Bh5 16. Nxd8 Nxf2 17. Kxf2 Kxd8 18. g4 Bf7 19. Be4 h5 20. g5 h4 21. Bxb7 Bg3+ 22. Kf3 Bh5+ 23. Kg2 Bxe1 24. Rxe1 Re8 25. Rxe8+ Kxe8 26. Bd5 Ke7 27. Kf2 Kd6 28. Bf3 Bg6 29. c3 Bf5 30. Bg2 Ke5 31. Ke3 Bb1 32. a3 Ba2 33. Bf1 Kf5 34. c4 Kxg5 35. b4 Bb1 36. a4 Kf6 37. Kd4 Ke7 38. Kc5 Be4 39. Kd4 Bf5 40. Ke5 Bd7 41. b5 g5 42. a5 g4 43. hxg4 Bxg4 44. c5 Kd8 45. Bg2 h3 46. Bh1 Bc8 47. Kd4 Ke7 48. Bc6 h2 49. Bh1 Kf6 50. Kd5 Ke7 51. Kc6 Kd8 52. a6 Bd7+ 53. Kb7 Bxb5 54. Kxa7 Kd7 55. Kb7 c6 56. a7 Bc4 57. Bxc6+ Ke6 58. Bh1 Bd5+ 59. Bxd5+ Kxd5 60. a8=Q h1=Q 61. Kb8+ 1-0


[Site "https://www.chess.com"]